 Dungeon Crawl Stone Soup version 0.16.1 (webtiles) character file.

21 Woebin the Caller (level 2, 0/15 HPs)
             Began as a Deep Elf Summoner on Mar 23, 2015.
             Slain by an adder (4 damage)
             ... on level 2 of the Dungeon.
             The game lasted 00:08:28 (1617 turns).

Woebin the Caller (Deep Elf Summoner)               Turns: 1617, Time: 00:08:28

Health: 0/15       AC:  4    Str:  5    XL:     2   Next: 65%
Magic:  1/8        EV: 13    Int: 19    God:
Gold:   89         SH:  0    Dex: 15    Spells: 1 memorised, 5 levels left

rFire  . . .     SeeInvis .     k - -1 club (curse)
rCold  . . .     Clarity  .     a - +0 robe
rNeg   . . .     SustAb   .     (no shield)
rPois  .         Gourm    .     (no helmet)
rElec  .         Spirit   .     n - +1 cloak
rCorr  .         Warding  .     (no gloves)
rMut   .         Stasis   .     (no boots)
MR     .....                    (no amulet)
Stlth  ++........               (no ring)
                                (no ring)

@: lethally poisoned (0 -> -7), not resistant to hostile enchantments,
unstealthy
A: no striking features
a: no special abilities


You were on level 2 of the Dungeon.
You were hungry.

You visited 1 branch of the dungeon, and saw 4 of its levels.

You collected 89 gold pieces.

Inventory:

Hand weapons
 h - a +0 short sword
 k - a cursed -1 club (weapon)
Missiles
 f - 16 stones (quivered)
 l - 7 sling bullets of frost
Armour
 a - a +0 robe (worn)
 n - a +1 cloak (worn)
Jewellery
 e - an uncursed ring of ice
Potions
 d - a potion of flight
 i - 2 potions of agility {unknown}
 j - a potion of degeneration {unknown}
 m - a potion of lignification {unknown}
 o - 2 potions of haste {unknown}
Books
 b - a book of Callings

   Spells                             Type                      Level
   a - Summon Small Mammal            Summoning                    1
   b - Call Imp                       Summoning                    2
   c - Call Canine Familiar           Summoning                    3
   d - Summon Guardian Golem          Hexes/Summoning              4
   e - Summon Lightning Spire         Summoning/Air                4
   f - Summon Ice Beast               Ice/Summoning                4
Comestibles
 c - 2 bread rations
 g - 3 fruits
 s - a chunk of flesh


   Skills:
 + Level 0.1 Fighting
 + Level 2.6 Dodging
 + Level 2.4 Stealth
 + Level 3.4 Spellcasting
 + Level 5.0 Summonings


You had 5 spell levels left.
You knew the following spells:

 Your Spells              Type           Power        Failure   Level  Hunger
a - Call Imp              Summ           ###.....     3%          2    ##.....


Dungeon Overview and Level Annotations

Branches:
Dungeon (4/15)
 Temple: D:4-7

Altars:
Vehumet
The Shining One


Message History

You closely miss the adder.
The adder is severely wounded.
Your crimson imp misses the adder.
The adder closely misses you.
Your crimson imp barely misses the adder.
Casting: Call Imp
Confirm with . or Enter, or press ? or * to list all spells.
A metallic apparition takes form in the air.
You feel sick. The adder bites you.
You are lethally poisoned!
The adder poisons you! The adder closely misses you.
Your crimson imp barely misses the adder.
You barely miss the adder.
The adder is severely wounded.
Your crimson imp disappears in a puff of smoke!
The adder misses you.
Your iron imp misses the adder.
You completely miss the adder.
The adder is severely wounded.
* * * LOW HITPOINT WARNING * * *
You feel sick. The adder bites you.
You die...

##.... ## #.#
.#####.#
......#.#
.......#.# #
#.[.....#
#.#.......####
......5ยง.....
#......S..#
#.@.# #####


You could see an adder and a friendly iron imp.

Vanquished Creatures
  A bat (D:1)
1 creature vanquished.

Vanquished Creatures (collateral kills)
  Jessica (D:3)
  An ooze (D:2)
  A ball python (D:1)
  3 bats (D:1)
  2 goblins
  4 hobgoblins (D:1)
  A quokka (D:2)
  2 kobolds (D:1)
  2 rats (D:1)
17 creatures vanquished.

Vanquished Creatures (others)
  A bat (D:1)
  4 rats (D:1)
5 creatures vanquished.

Grand Total: 23 creatures vanquished

Notes
Turn   | Place    | Note
--------------------------------------------------------------
     0 | D:1      | Woebin, the Deep Elf Summoner, began the quest for the Orb.
     0 | D:1      | Reached XP level 1. HP: 10/10 MP: 5/5
   901 | D:1      | Reached XP level 2. HP: 15/15 MP: 0/8
   905 | D:1      | Learned a level 2 spell: Call Imp
  1241 | D:2      | Found a glowing golden altar of the Shining One.
  1253 | D:2      | You fall through a shaft for 2 floors!
  1484 | D:3      | Noticed Jessica
  1488 | D:3      | Killed Jessica
  1559 | D:3      | Found a radiant altar of Vehumet.
  1595 | D:2      | Reached skill level 5 in Summonings
  1617 | D:2      | Slain by an adder

Action                   || total
-------------------------++-------
Melee: Unarmed           ||     6
       Club              ||    11
Throw: Stone             ||     1
 Cast: Summon Small Mamm ||    43
       Call Imp          ||    15
  Use: Scroll            ||     7
 Stab: Sleeping          ||     1
  Eat: Fruit             ||     1
       Chunk             ||     1
